 Dungeon Crawl Stone Soup version 0.28.0 (console) character file.

Game seed: 13447187177656209442

2683 CannotBeFrozen the Cleaver (level 9, -11/74 HPs)
             Began as a Hill Orc Monk on Feb 14, 2022.
             Was an Elder of Hepliaklqana.
             Mangled by an orc knight (18 damage)
             ... in a bailey.
             The game lasted 00:28:05 (7353 turns).

CannotBeFrozen the Cleaver (Hill Orc Monk)          Turns: 7353, Time: 00:28:06

Health: -11/74     AC:  6    Str: 18    XL:     9   Next: 64%
Magic:  12/12      EV: 12    Int: 10    God:    Hepliaklqana [****..]
Gold:   245        SH:  0    Dex: 13    Spells: 8/8 levels left

rFire   . . .      SeeInvis .   a - +0 hand axe
rCold   . . .      Faith    .   (no shield)
rNeg    . . .      Spirit   .   v - +0 steam dragon scales
rPois   .          Reflect  .   (no helmet)
rElec   .          Harm     .   l - +0 cloak
rCorr   .          Rampage  .   (no gloves)
Will    .....                   (no boots)
Stlth   ++........              (no amulet)
HPRegen 0.22/turn               m - ring of flight
MPRegen 0.13/turn               (no ring)

@: flying
A: reduced essence
a: Renounce Religion, Recall Ancestor, Ancestor Identity, Transference, Idealise


You were in a bailey.
You worshipped Hepliaklqana.
Hepliaklqana was greatly pleased with you.
You visited 1 branch of the dungeon, and saw 8 of its levels.
You also visited: Ossuary and Bailey.

You collected 245 gold pieces.

Inventory:

Hand Weapons
 a - a +0 hand axe (weapon)
 b - the +4 dagger "Morg" {pain, Will+ Int+5}
   (You found it on level 4 of the Dungeon)

   In the hands of one skilled in necromantic magic, it inflicts extra damage on
   living creatures.
   Int:       It affects your intelligence (+5).
   Will:      It increases your willpower.
Missiles
 e - a poisoned dart
 i - 169 stones (quivered)
Armour
 l - a +0 cloak (worn)
 v - +0 steam dragon scales (worn)
Jewellery
 f - a ring of fire
 m - a ring of flight (left hand)
Scrolls
 c - a scroll of enchant weapon {unknown}
 j - a scroll of fog {unknown}
 p - 2 scrolls of amnesia
 r - a scroll of torment {unknown}
Potions
 d - 5 potions of curing {@q1}
 k - a potion of lignification
 n - a potion of invisibility {unknown}
 o - 2 potions of flight
 q - 2 potions of magic
 s - a potion of brilliance {unknown}
 t - a potion of degeneration {unknown}
 u - 3 potions of mutation


   Skills:
 + Level 9.1 Fighting
 * Level 13.3 Axes
 - Level 2.0 Armour
 - Level 2.4 Dodging
 - Level 1.5 Stealth
 - Level 5.0 Invocations


You had 8 spell levels left.
You didn't know any spells.
Your spell library contained the following spells:

 Spells                   Type           Power      Damage    Failure   Level
 Beastly Appendage        Tmut           0%         N/A       36%         1
 Wereblood                Tmut           0%         N/A       50%         2
 Spider Form              Tmut/Pois      0%         N/A       75%         3


Dungeon Overview and Level Annotations

Branches:
Dungeon (9/15)             Temple (0/1) D:5            Lair (0/6) D:9
    Orc (0/2) D:9         Ossuary (visited)          Bailey (1/1)

Altars:
Hepliaklqana

Shops:
D:1 [

Annotations:
D:6 Blork the orc


Message History

The orc knight hits Numeria but does no damage.
Numeria closely misses the orc knight.
HP: 12/74 (-15) =----------- !!
You barely miss the orc knight.
The orc knight is severely wounded.
The orc knight hits you with a +0 war axe!
* * * LOW HITPOINT WARNING * * *
The orc knight hits Numeria with a +0 war axe!
Numeria is destroyed!
HP: 3/74 (-9) ------------ !
Okay, then.
Okay, then.
Things that are here:
a +0 hand axe; a +0 leather armour
There is a large open door here.
Items here: )) [[.
Okay, then.
The orc knight hits you with a +0 war axe.
* * * LOW HITPOINT WARNING * * *
HP: 4/74 (-1) ------------ The goblin hits you with a +0 hand axe.
* * * LOW HITPOINT WARNING * * *
HP: 3/74 (-2) ------------ The goblin hits you but does no damage.
The goblin hits you but does no damage.
There is a large open door here.
Items here: )) [[.
Things that are here:
a +0 hand axe; a +0 leather armour
There is an open gate here.
Okay, then.
The orc knight seems less drained.
Press: ? - help, v - describe, . - travel The floor.
Press: ? - help, v - describe, . - travel The floor.
The orc knight barely misses you. The goblin barely misses you.
The orc knight hits you with a +0 war axe!!
You die...

#####'''#####
#...........#
####≈≈≈≈...≈≈≈≈####
≈≈≈≈≈≈≈≈...≈≈≈≈≈≈≈≈
≈≈≈≈≈≈≈≈...≈≈≈≈≈≈≈≈
≈≈≈≈≈≈≈≈...≈≈≈≈≈≈≈≈
≈≈≈≈≈≈≈≈...≈≈≈≈≈≈≈≈
≈≈≈≈≈.........≈≈≈≈≈
######.......######
#.......# #....g@.#
#...∩o..# #.......#
###...### #.∩.#
#####


You could see an orc knight and a goblin.

Vanquished Creatures
  A troll (D:5)
  A yak (D:6)
  A steam dragon (D:6)
  An ogre (D:5)
  An ice beast (D:8)
  A necrophage (D:6)
  A wolf (D:8)
  2 centaurs
  A phantom (D:5)
  A scorpion (D:5)
  A water moccasin zombie (Ossuary)
  A water moccasin skeleton (D:4)
  2 howler monkeys (D:8)
  A bullfrog zombie (D:5)
  A hound (D:4)
  Crazy Yiuf (D:5)
  A bullfrog skeleton (D:3)
  A centaur skeleton (D:4)
  Natasha (D:3)
  3 iguanas
  2 orc wizards (D:6)
  2 mummies (Ossuary)
  A hound skeleton (D:4)
  A gnoll (Bailey)
  5 adders
  2 ufetubi
  5 adder zombies (Ossuary)
  2 dart slugs (D:3)
  8 orcs
  3 ball pythons
  5 bats
  3 endoplasms
  A giant cockroach (D:1)
  8 goblins
  8 hobgoblins
  3 jackals (D:4)
  3 kobolds
  5 quokkas
  2 frilled lizards
  5 gnoll zombies (Ossuary)
  2 hobgoblin zombies (Ossuary)
  2 kobold zombies (Ossuary)
  7 orc zombies (Ossuary)
  3 rats
112 creatures vanquished.

Vanquished Creatures (collateral kills)
  Grum (D:8)
  2 sky beasts
  2 ogres (D:5)
  2 water moccasin zombies
  A jelly (D:5)
  2 iguanas
  2 orc wizards (D:6)
  Natasha (twice) (D:3)
  3 gnolls
  2 adders (D:2)
  A shadow imp (D:6)
  3 adder zombies (Ossuary)
  A worm (D:2)
  2 dart slugs (D:4)
  An orc (Bailey)
  An endoplasm (D:4)
  A goblin (D:8)
  3 hobgoblins
  A jackal (D:4)
  2 ball pythons
  A hobgoblin zombie (Ossuary)
  A kobold (D:2)
  An orc zombie (Ossuary)
  A rat (D:3)
39 creatures vanquished.

Vanquished Creatures (others)
  4 hexers
4 creatures vanquished.

Grand Total: 155 creatures vanquished

Notes
Turn   | Place    | Note
-------+----------+-------------------------------------------
     0 | D:1      | CannotBeFrozen the Hill Orc Monk began the quest for the
                  | Orb.
     0 | D:1      | Reached XP level 1. HP: 19/19 MP: 1/1
   317 | D:1      | Reached XP level 2. HP: 27/27 MP: 2/2
   588 | D:1      | Found a faded altar of an unknown god.
   596 | D:1      | Prayed at the altar of an unknown god.
   596 | D:1      | Became a worshipper of Hepliaklqana the Forgotten
   596 | D:1      | Reached * piety under Hepliaklqana
   596 | D:1      | Reached ** piety under Hepliaklqana
   614 | D:1      | Found Ipsu's Armour Shoppe.
   622 | D:1      | Remembered your ancestor Numeria as a hexer
   748 | D:2      | Reached skill level 5 in Axes
   748 | D:2      | Reached XP level 3. HP: 29/29 MP: 3/3
   872 | D:2      | Reached *** piety under Hepliaklqana
  1374 | D:2      | Reached XP level 4. HP: 31/36 MP: 4/4
  1837 | D:3      | Noticed Natasha
  1850 | D:3      | Killed Natasha
  1851 | D:3      | Reached skill level 6 in Axes
  1851 | D:3      | Reached skill level 1 in Invocations
  1864 | D:3      | Reached XP level 5. HP: 36/42 MP: 4/6
  2060 | D:3      | Noticed Natasha
  2071 | D:3      | Killed Natasha
  2204 | D:3      | Noticed Natasha
  2214 | D:3      | Killed Natasha
  2215 | D:3      | Reached skill level 5 in Fighting
  2569 | D:4      | Reached skill level 7 in Axes
  2582 | D:4      | Reached XP level 6. HP: 33/50 MP: 7/7
  2816 | D:4      | Reached **** piety under Hepliaklqana
  2862 | D:4      | Reached skill level 1 in Armour
  2883 | D:4      | Found the +4 dagger "Morg" {pain, Will+ Int+5}
  3826 | D:5      | Entered Level 5 of the Dungeon
  3870 | D:5      | Reached skill level 8 in Axes
  3870 | D:5      | Reached XP level 7. HP: 42/54 MP: 9/9
  4272 | D:5      | Found a runed translucent door.
  4273 | D:5      | Noticed Crazy Yiuf
  4285 | D:5      | Killed Crazy Yiuf
  4420 | D:5      | Reached skill level 9 in Axes
  4440 | D:5      | Reached XP level 8. HP: 52/63 MP: 11/11
  4771 | D:5      | Reached skill level 10 in Axes
  4898 | D:5      | Noticed a troll
  4923 | D:5      | Killed a troll
  5155 | D:5      | Found a staircase to the Ecumenical Temple.
  5365 | D:6      | Reached skill level 11 in Axes
  5452 | D:6      | Found a sand-covered staircase.
  5463 | Ossuary  | Entered an ossuary
  5880 | D:6      | Reached XP level 9. HP: 70/72 MP: 12/12
  6028 | D:6      | Reached skill level 12 in Axes
  6161 | D:6      | Reached skill level 5 in Invocations
  6305 | D:6      | Noticed Blork the orc
  6600 | D:6      | You are sucked into a shaft and drop 3 floors!
  6600 | D:9      | Found a staircase to the Orcish Mines.
  6619 | D:9      | Noticed a troll
  6631 | D:9      | Found a staircase to the Lair.
  6676 | D:8      | Noticed Grum
  6712 | D:8      | Killed Grum
  6713 | D:8      | Reached skill level 13 in Axes
  6743 | D:8      | Reached ***** piety under Hepliaklqana
  6777 | D:8      | Found a flagged portal.
  7197 | Bailey   | Entered a bailey
  7293 | Bailey   | Noticed an orc knight
  7319 | Bailey   | HP: 3/74 [orc knight (9)]
  7332 | Bailey   | HP: 3/74 [goblin (2)]
  7353 | Bailey   | Mangled by an orc knight

Illustrated notes

Levels and vault maps discovered:
D:1:      giann_horns, layout_basic, shapermc_ecumenical_altar_mp_highgroup,
          serial_shops, nicolae_shop_behind_doors
D:2:      layout_loops_ring
D:3:      layout_basic, uniq_natasha
D:4:      layout_basic, minmay_starry_boxes
D:5:      layout_rooms, lemuel_temple_firewalk_a, uniq_crazy_yiuf_cottage
D:6:      layout_loops_corners, zin_angel, enter_ossuary_1,
          amcnicky_mini_rare_corridor_liquid, feat_on_display,
          uniq_blork_the_orc
D:8:      layout_gridville, enter_bailey_3, uniq_grum, uniq_psyche
D:9:      layout_big_octagon, dpeg_oklobed_lair, david_orc_2
Bailey:   bailey_axe_of_yendor_kennysheep, bailey

Skill      XL: |  1  2  3  4  5  6  7  8  9 |
---------------+----------------------------+-----
Fighting       | 4 5 6 7 9 |  9.1
Axes           | 5 6 7 8 9 11 13 | 13.3
Invocations    | 1 2 3 4 5 |  5.0
Armour         | 1 2 |  2.0
Dodging        | |  2.4
Stealth        | |  1.5

Action                   |  1- 3 |  4- 6 |  7- 9 || total
-------------------------+-------+-------+-------++-------
Melee: Hand axe          |    86 |   178 |   329 ||   593
       Punch             |       |     2 |     3 ||     5
       Dagger            |       |       |     5 ||     5
Throw: Dart              |       |       |     3 ||     3
       Stone             |       |       |     7 ||     7
Invok: Ancestor Life: He |     1 |       |       ||     1
       Recall Ancestor   |       |       |     2 ||     2
       Idealise          |       |       |     1 ||     1
  Use: Scroll            |       |     4 |     9 ||    13
       Potion            |       |       |     2 ||     2
 Stab: Confused          |       |    11 |    13 ||    24
       Distracted        |       |       |     3 ||     3
Armor: Scale mail        |    35 |    63 |    68 ||   166
       Robe              |     1 |       |       ||     1
       Steam dragon scal |       |       |    22 ||    22
Dodge: Dodged            |    49 |    93 |   124 ||   266
